 Dungeon Crawl Stone Soup version 0.21-a0-55-gb612c23 (webtiles) character file.

3344 grindst0ne the Fighter (level 9, -3/78 HPs)
             Began as a Demonspawn Berserker on June 14, 2017.
             Was an Elder of Trog.
             Slain by an ice beast (14 damage)
             ... on level 8 of the Dungeon.
             The game lasted 00:15:36 (7428 turns).

grindst0ne the Fighter (Demonspawn Berserker)       Turns: 7428, Time: 00:15:36

Health: -3/78      AC: 13    Str: 18    XL:     9   Next: 72%
Magic:  9/9        EV:  8    Int: 11    God:    Trog [****..]
Gold:   284        SH:  0    Dex: 15    Spells: 8/8 levels left

rFire    + . .     SeeInvis .   p - +0 war axe
rCold    . . .     Gourm    +   (no shield)
rNeg     . . .     Faith    .   i - +1 chain mail of the Disturbing Allies {Int+2}
rPois    +         Spirit   .   q - +1 helmet
rElec    .         Reflect  .   f - +0 cloak
rCorr    .         Harm     .   (no gloves)
MR       .....                  j - +0 pair of boots
Stlth    ..........             h - amulet of the gourmand
HPRegen  0.23/turn              u - ring of poison resistance
MPRegen  0.11/turn              (no ring)

@: berserk cooldown, hasted and slowed
A: hooves 1, fire resistance 1, powered by death 1
a: Berserk, Trog's Hand, Brothers in Arms, Burn Spellbooks, Renounce Religion


You were on level 8 of the Dungeon.
You worshipped Trog.
Trog was greatly pleased with you.
You were very full.

You visited 1 branch of the dungeon, and saw 8 of its levels.
You also visited: Ossuary.

You collected 284 gold pieces.

Inventory:

Hand Weapons
 p - a +0 war axe (weapon)
Missiles
 w - 8 throwing nets (quivered)
Armour
 c - a +0 large shield
 f - a +0 cloak (worn)
 i - the +1 chain mail of the Disturbing Allies (worn) {Int+2}
   (You found it on level 7 of the Dungeon)

   It affects your intelligence (+2).
 j - a +0 pair of boots (worn)
 q - a +1 helmet (worn)
Jewellery
 h - an amulet of the gourmand (around neck)
 u - a ring of poison resistance (left hand)
Wands
 a - a wand of disintegration (17/24)
 b - a wand of iceblast (1/15)
 l - a wand of enslavement (3/24)
 r - a wand of paralysis (24/24)
Scrolls
 e - a scroll of identify
 k - 2 scrolls of teleportation
 y - 2 scrolls of blinking
 A - a scroll of enchant armour
 D - a scroll of magic mapping
 E - a scroll of remove curse
 F - a scroll of immolation {unknown}
Potions
 m - 3 potions of flight
 o - 2 potions of haste
 t - 2 potions of resistance
Comestibles
 n - a fruit
 v - 7 bread rations
 B - 3 meat rations
 C - a royal jelly


   Skills:
 + Level 10.1 Fighting
 + Level 9.5 Axes
 - Level 1.7 Armour
 - Level 1.7 Dodging


You had 8 spell levels left.
You didn't know any spells.

Dungeon Overview and Level Annotations

Branches:
Dungeon (8/15)             Temple (0/1) D:6            Lair (0/6) D:8

Altars:
Cheibriados
Dithmenos
Hepliaklqana
Qazlal
Sif Muna
Uskayaw
Xom
Zin


Innate Abilities, Weirdness & Mutations

You have large cloven feet.
Your flesh is heat resistant. (rF+)
You regenerate a little health from kills.


Message History

You hit the ice beast.
The ice beast is severely wounded.
The ice beast hits you. The ice beast freezes you!
* * * LOW HITPOINT WARNING * * *
The ice beast hits you.
* * * LOW HITPOINT WARNING * * *
The ice beast freezes you!
* * * LOW HITPOINT WARNING * * *
You feel much better. The ice beast hits you. The ice beast freezes you!
* * * LOW HITPOINT WARNING * * *
You feel yourself speed up.
You are no longer corroded.
The ice beast barely misses you.
The ice beast hits you but does no damage.
You hit the ice beast but do no damage.
The ice beast is severely wounded.
The ice beast hits you.
* * * LOW HITPOINT WARNING * * *
The ice beast freezes you!
You die...

### ##..# #....#
.#.....## .......<##
#........## #.........#
#.........## ##.......@.#
####.
##.......Y##########.....
##.....#................
#.##########.....#####.
#. ##.....## # ###....##
##....## ##....## ##....#


You could see an ice beast.

Vanquished Creatures
  An elephant (D:8)
  The ghost of nikopol the Conjurer, a novice DECj (Ossuary)
  The ghost of grindst0ne the Skirmisher, an amateur DsBe of Trog (D:5)
  A spriggan (D:7)
  Eustachio (D:6)
  A water moccasin (D:7)
  3 ice beasts
  A necrophage (D:7)
  An ogre (D:7)
  3 centaurs
  2 bullfrogs (D:6)
  A water moccasin skeleton (D:7)
  7 crimson imps
  4 hounds
  4 centaur zombies
  An orc priest (D:3)
  A jelly (D:8)
  3 bullfrog skeletons
  An iguana (D:3)
  Ijyb (D:4)
  5 orc wizards
  6 worker ants
  A big kobold zombie (Ossuary)
  5 mummies
  14 adders
  A shadow imp (D:7)
  An ooze (D:1)
  6 adder skeletons
  A worm (D:4)
  5 dart slugs
  4 leopard geckos
  12 orcs
  2 ball pythons
  2 bat skeletons (D:2)
  2 giant cockroaches
  7 goblins
  8 hobgoblins
  11 jackals
  5 kobolds
  5 quokkas
  7 frilled lizards
  5 hobgoblin zombies (Ossuary)
  A jackal skeleton (D:6)
  2 leopard gecko skeletons
  A quokka zombie (D:7)
  15 rats
173 creatures vanquished.

Vanquished Creatures (others)
  A mummy (Ossuary)
  A rat (D:4)
2 creatures vanquished.

Grand Total: 175 creatures vanquished

Notes
Turn   | Place    | Note
-------+----------+-------------------------------------------
     0 | D:1      | grindst0ne the Demonspawn Berserker began the quest for the Orb.
     0 | D:1      | Reached XP level 1. HP: 18/18 MP: 1/1
    70 | D:1      | Gained mutation: You regenerate a little health from kills. [demonic ancestry]
    70 | D:1      | Reached XP level 2. HP: 21/24 MP: 2/2
  1106 | D:2      | Gained mutation: You have large cloven feet. [demonic ancestry]
  1106 | D:2      | Reached XP level 3. HP: 14/29 MP: 3/3
  1281 | D:2      | Found a faded altar of an unknown god.
  1472 | D:2      | Reached ** piety under Trog
  1626 | D:2      | Found a shadowy altar of Dithmenos.
  1630 | D:2      | Reached skill level 4 in Fighting
  1659 | D:2      | Reached XP level 4. HP: 35/37 MP: 4/4
  2909 | D:3      | Reached XP level 5. HP: 43/43 MP: 5/5
  2988 | D:3      | Reached skill level 5 in Fighting
  3291 | D:3      | Reached *** piety under Trog
  3296 | D:3      | Found a hide-covered altar of Uskayaw.
  3452 | D:3      | Found a shimmering altar of Xom.
  3474 | D:3      | Gained mutation: Your flesh is heat resistant. (rF+) [demonic ancestry]
  3474 | D:3      | Reached XP level 6. HP: 49/51 MP: 6/6
  3544 | D:3      | Reached skill level 5 in Axes
  3890 | D:4      | Noticed Ijyb
  3899 | D:4      | Killed Ijyb
  3932 | D:4      | Found a sand-covered staircase.
  3948 | Ossuary  | Entered an ossuary
  4028 | Ossuary  | Reached XP level 7. HP: 45/57 MP: 7/7
  4052 | Ossuary  | Noticed nikopol's ghost (novice DECj)
  4078 | Ossuary  | Killed nikopol's ghost
  4078 | Ossuary  | Reached skill level 6 in Fighting
  4518 | D:4      | Found a glowing silver altar of Zin.
  4681 | D:4      | Reached **** piety under Trog
  4762 | D:5      | Entered Level 5 of the Dungeon
  4789 | D:5      | Reached skill level 7 in Fighting
  4837 | D:5      | Noticed grindst0ne's ghost (amateur DsBe)
  4878 | D:5      | Killed grindst0ne's ghost
  4878 | D:5      | Reached XP level 8. HP: 67/67 MP: 8/8
  5426 | D:6      | Reached skill level 8 in Fighting
  5564 | D:6      | Found a hazy altar of Hepliaklqana.
  5577 | D:6      | Found a staircase to the Ecumenical Temple.
  5698 | D:6      | Noticed Eustachio
  5710 | D:6      | Killed Eustachio
  5796 | D:6      | Reached XP level 9. HP: 75/75 MP: 9/9
  6031 | D:6      | Found a snail-covered altar of Cheibriados.
  6101 | D:6      | Found a stormy altar of Qazlal.
  6206 | D:7      | Reached skill level 9 in Fighting
  6650 | D:7      | Found a deep blue altar of Sif Muna.
  6872 | D:7      | Got a shimmering dagger
  6873 | D:7      | Identified the +2 dagger of Guilt {pierce, Str+3} (You found it on level 7 of the Dungeon)
  6989 | D:7      | Got a transparent chain mail
  7000 | D:7      | Identified the cursed +1 chain mail of the Disturbing Allies {Int+2} (You found it on level 7 of the Dungeon)
  7378 | D:8      | Found a staircase to the Lair.
  7378 | D:8      | Noticed an elephant
  7407 | D:8      | Killed an elephant
  7407 | D:8      | Reached skill level 10 in Fighting
  7428 | D:8      | Slain by an ice beast

Vault maps used:
D:1:      tarquinn_simple_flora_water_a, minmay_domino_2
D:2:      nicolae_dithmenos_through_a_glass_darkly,
          chequers_ecumenical_altar_twisty, serial_undead, serial_undead_f,
          serial_undead_a, serial_undead_b, serial_undead_e,
          minmay_rat_gold_closets
D:3:      lemuel_crystal_altar, hangedman_glass_teeth, led_xom_imps
D:4:      overflow_temple_1_default, gup_ossuary_entry_pyramid, first_bread,
          minmay_misc_feat_diagonals, uniq_ijyb
D:6:      marbit_many_paths, overflow_temple_1_default,
          nicolae_qazlal_eye_of_the_storm, minmay_temple_entry_glass,
          uniq_eustachio
D:7:      led_sif_book, the_bakery
D:8:      david_lair_generic
Ossuary:  ossuary_the_hunt_dpeg

Skill      XL: |  1  2  3  4  5  6  7  8  9 |
---------------+----------------------------+-----
Axes           | 3 4 5 7 8 9 |  9.5
Fighting       | 4 5 7 8 10 | 10.1
Armour         | |  1.7
Dodging        | |  1.7

Action                   |  1- 3 |  4- 6 |  7- 9 || total
-------------------------+-------+-------+-------++-------
Melee: Hand axe          |   100 |   204 |       ||   304
       War axe           |       |    45 |   334 ||   379
Invok: Berserk           |     4 |     7 |    12 ||    23
       Trog's Hand       |       |       |     1 ||     1
Evoke: Wand              |       |       |     2 ||     2
  Use: Scroll            |     3 |     4 |     9 ||    16
       Potion            |       |       |     7 ||     7
 Stab: Invisible         |       |     1 |       ||     1
  Eat: Chunk             |     2 |    13 |    26 ||    41
       Bread ration      |     1 |       |     1 ||     2
Armor: Animal skin       |    18 |    20 |       ||    38
       Chain mail        |       |    97 |   204 ||   301
Dodge: Dodged            |    58 |    90 |   130 ||   278
